 Dungeon Crawl Stone Soup version 0.29-a0-251-g80730f7218 (webtiles) character file.

Game seed: 18245775756152996399

1037 tilp the Chiller (level 8, 36/36 HPs)
             Began as a Felid Ice Elementalist on Mar 5, 2022.
             Quit the game on level 7 of the Dungeon.
             The game lasted 00:13:03 (10188 turns).

tilp the Chiller (Felid Ice Elementalist)          Turns: 10188, Time: 00:13:03

Health: 36/36      AC:  2    Str: 10    XL:     8   Next: 4%
Magic:  16/16      EV: 18    Int: 20    God:
Gold:   379        SH:  0    Dex: 17    Spells: 3/17 levels left
                                        Lives:  0   Deaths: 2

rFire   + . .      SeeInvis +     - Unarmed
rCold   . . .      Faith    .   (shield unavailable)
rNeg    . . .      Spirit   .   (body armour unavailable)
rPois   .          Reflect  .   (helmet unavailable)
rElec   .          Harm     .   (cloak unavailable)
rCorr   .          Rampage  .   (gloves unavailable)
Will    +....                   (boots unavailable)
Stlth   +++.......              (no amulet)
HPRegen 0.12/turn               o - +6 ring of strength
MPRegen 0.15/turn               m - ring of protection from fire

@: quick
A: very small, claws 1, fangs 3, see invisible, speed 1, shaggy fur 2, stealthy
paws, no weapons or thrown items, no armour, multi-lived
a: no special abilities


You were on level 7 of the Dungeon.
You visited 2 branches of the dungeon, and saw 8 of its levels.

You collected 379 gold pieces.

Inventory:

Jewellery
 m - a ring of protection from fire (right paw)
 n - an amulet of magic regeneration
 o - a +6 ring of strength (left paw)
 p - a ring of flight
Wands
 i - a wand of iceblast (10)
Scrolls
 d - 2 scrolls of teleportation
 k - a scroll of identify
 q - a scroll of holy word
 s - a scroll of magic mapping {unknown}
Potions
 a - a potion of attraction {unknown}
 b - a potion of ambrosia {unknown}
 c - 2 potions of mutation {unknown}
 e - 3 potions of brilliance
 f - 3 potions of resistance
 g - a potion of curing
 h - a potion of flight {unknown}
 j - a potion of might {unknown}
 r - a potion of lignification {unknown}


   Skills:
 - Level 4.0 Fighting
 - Level 4.0 Dodging
 - Level 6.0 Stealth
 - Level 4.0 Unarmed Combat
 - Level 5.0 Spellcasting
 * Level 6.1 Conjurations
 + Level 7.4 Ice Magic
 - Level 4.0 Evocations


You had 3 spell levels left.
You knew the following spells:

 Your Spells              Type           Power      Damage    Failure   Level
a - Freeze                Ice            100%       1d11      1%          1
b - Frozen Ramparts       Ice            68%        1d8       1%          3
c - Ozocubu's Armour      Ice            34%        N/A       1%          3
d - Hailstorm             Conj/Ice       32%        3d8       7%          4
e - Stone Arrow           Conj/Erth      34%        3d9       10%         3

Your spell library contained the following spells:

 Spells                   Type           Power      Damage    Failure   Level
 Sandblast                Erth           10%        2d5       12%         1
 Passwall                 Tmut/Erth      4%         N/A       17%         2
 Scorch                   Fire           10%        2d6       17%         2
 Sublimation of Blood     Necr           5%         N/A       17%         2
 Flame Wave               Conj/Fire      17%        2d6       32%         4
 Summon Cactus Giant      Summ           2%         N/A       100%        6
 Orb of Destruction       Conj           14%        9d7       100%        7
 Chain Lightning          Conj/Air       8%         3d11      100%        9


Dungeon Overview and Level Annotations

Branches:
Dungeon (7/15)             Temple (1/1) D:5

Altars:
Ashenzari
Cheibriados
Dithmenos
Fedhas
Gozag
Hepliaklqana
Kikubaaqudgha
Nemelex Xobeh
Okawaru
Qazlal
Ru
Sif Muna
Trog
Uskayaw
Wu Jian
Xom
Yredelemnul
The Shining One

Shops:
D:4 *

Annotations:
D:3 phantom!
D:5 exclusion: ice beast


Innate Abilities, Weirdness & Mutations

You have sharp claws.
You have razor-sharp teeth.
You have supernaturally acute eyesight. (SInv)
You cover ground quickly. (Speed+)
You are covered in thick fur. (AC +2)
Your paws help you pounce on unaware monsters.
You are incapable of wielding weapons or throwing items.
You cannot wear armour.
You gain extra lives every three experience levels.


Message History

The orc warrior is severely wounded.
The wall freezes the orc warrior.
The orc warrior closely misses you.
The wall freezes the manticore.
Unknown command.
You closely miss the orc warrior.
The orc warrior is almost dead.
The frozen ramparts melt away.
The orc warrior hits you with a +0 war axe!
The manticore bites you!
* * * LOW HITPOINT WARNING * * *
The manticore claws you!
* * * LOW HITPOINT WARNING * * *
The manticore claws you.
* * * LOW HITPOINT WARNING * * *
Unknown command.
Okay, then.
You feel much better. The orc warrior misses you.
The manticore closely misses you.
The manticore claws you but does no damage. x2
Unknown command.
As you read the scroll of teleportation, it crumbles to dust.
You feel strangely unstable. The orc warrior completely misses you.
The manticore misses you. The manticore claws you!
* * * LOW HITPOINT WARNING * * *
The manticore misses you.
Unknown command.
Casting: Stone Arrow (dangerous; 10% risk of failure)
Confirm with . or Enter, or press ? or * to list all spells.
Aiming: Freeze (safe; 1% risk of failure)
Press: ? - help, Shift-Dir - straight line, f/p - orc warrior
Aim: an orc warrior, wielding a +0 war axe, wearing a +0 chain mail and quivering poisoned darts (almost dead)
You freeze the orc warrior.
The orc warrior is almost dead.
The orc warrior hits you with a +0 war axe.
* * * LOW HITPOINT WARNING * * *
The manticore closely misses you. x2; The manticore claws you.
You die...
You are now level 8!
You rejoin the land of the living...
Are you sure you want to abandon this character and quit the game? (Confirm with "yes".)

#.#............#..##
##.........#.........
#..........#.##.#....
#.......#..# ##.###.#
#.......#### #.
#........... ...
#?[)........ ..
####........### ..
#......@..#.#
#.#####.###.# #.#
#.###.#####.. #.#
#..........>. #.#
#.###.####### #.# #.#
#...z)n.# #.# #.#
#.#####<##.# #.# #.#
#.# ###.##.# #.#
#####.###.#.##.#


There were no monsters in sight!

Vanquished Creatures
  Joseph (D:7)
  An unseen horror (D:7)
  A hornet (D:7)
  Menkaure (D:7)
  3 orc warriors (D:7)
  4 black bears
  4 centaurs
  A necrophage (D:7)
  2 scorpions
  2 bullfrogs (D:7)
  4 wights (D:7)
  3 killer bees (D:7)
  2 hounds
  A gnoll shaman (D:7)
  A jelly (D:5)
  6 orc priests
  Natasha (thrice) (D:3)
  2 iguanas
  4 orc wizards (D:7)
  Robin (D:4)
  6 gnolls
  9 adders
  A shadow imp (D:6)
  2 worms (D:2)
  6 dart slugs
  25 orcs
  9 ball pythons
  6 bats
  10 endoplasms
  A giant cockroach (D:2)
  20 goblins
  9 hobgoblins
  3 quokkas
  2 frilled lizards
  3 kobolds
  6 rats
165 creatures vanquished.

Notes
Turn   | Place    | Note
-------+----------+-------------------------------------------
     0 | D:1      | tilp the Felid Ice Elementalist began the quest for the
                  | Orb.
     0 | D:1      | Reached XP level 1. HP: 7/7 MP: 4/4
   382 | D:1      | Reached XP level 2. HP: 11/11 MP: 4/6
   434 | D:1      | Reached skill level 4 in Ice Magic
   932 | D:1      | Reached XP level 3. HP: 14/14 MP: 5/7
   940 | D:1      | Learned a level 3 spell: Frozen Ramparts
  1850 | D:2      | Learned a level 3 spell: Ozocubu's Armour
  1955 | D:2      | Found a faded altar of an unknown god.
  2070 | D:2      | Reached XP level 4. HP: 18/18 MP: 4/9
  2710 | D:3      | Identified the +3 scale mail of True Grit {rN+ rCorr Int-5
                  | Dex+3}
  3130 | D:3      | Noticed Natasha
  3136 | D:3      | Killed Natasha
  3137 | D:3      | Reached skill level 5 in Ice Magic
  3239 | D:3      | Noticed a phantom
  3628 | D:3      | Noticed Natasha
  3634 | D:3      | Killed Natasha
  3635 | D:3      | Reached XP level 5. HP: 12/21 MP: 1/10
  3808 | D:3      | Found an iron altar of Okawaru.
  4022 | D:3      | Noticed Natasha
  4030 | D:3      | Killed Natasha
  4273 | D:4      | Found Sosam's Neck Hole.
  4336 | D:4      | Reached skill level 6 in Ice Magic
  4493 | D:4      | Noticed a black bear
  4578 | D:4      | Noticed Robin
  4587 | D:4      | Killed a black bear
  4588 | D:4      | Reached skill level 1 in Fighting
  4588 | D:4      | Reached skill level 1 in Unarmed Combat
  4588 | D:4      | Gained mutation: You are covered in thick fur. (AC +2)
                  | [Felid growth]
  4588 | D:4      | Reached XP level 6. HP: 22/25 MP: 3/11
  4592 | D:4      | Killed Robin
  4922 | D:5      | Entered Level 5 of the Dungeon
  4996 | D:5      | Found a staircase to the Ecumenical Temple.
  5014 | Temple   | Entered the Ecumenical Temple
  5158 | D:5      | Reached skill level 1 in Evocations
  5361 | D:5      | Found a sparkling altar of Nemelex Xobeh.
  5367 | D:5      | Noticed an ice beast
  5931 | D:5      | Reached XP level 7. HP: 27/30 MP: 2/12
  6175 | D:5      | Got Kofi's Handbook of Evil Rites and Battle Magic
  7221 | D:6      | Found a blossoming altar of Fedhas.
  7274 | D:6      | Reached XP level 8. HP: 21/36 MP: 5/13
  7715 | D:7      | Noticed Menkaure
  7724 | D:7      | Killed Menkaure
  8041 | D:7      | Reached skill level 5 in Stealth
  8283 | D:7      | Noticed an unseen horror
  8297 | D:7      | Killed an unseen horror
  8304 | D:7      | Learned a level 4 spell: Hailstorm
  8308 | D:7      | Learned a level 3 spell: Stone Arrow
  8929 | D:7      | Reached XP level 9. HP: 28/39 MP: 7/16
  9028 | D:7      | Noticed a manticore
  9032 | D:7      | Noticed Joseph
  9283 | D:7      | Reached skill level 7 in Ice Magic
  9602 | D:7      | Mangled by Joseph
  9603 | D:7      | Reached XP level 8. HP: -9/36 MP: 4/15
  9619 | D:7      | Killed Joseph
  9620 | D:7      | Reached skill level 5 in Conjurations
  9783 | D:7      | Reached skill level 5 in Spellcasting
 10045 | D:7      | Reached XP level 9. HP: 38/39 MP: 3/17
 10184 | D:7      | HP: 1/39 [manticore (2)]
 10187 | D:7      | Slain by a manticore
 10188 | D:7      | Reached XP level 8. HP: -1/36 MP: 2/16
 10188 | D:7      | Quit the game

Illustrated notes

Levels and vault maps discovered:
D:1:      dpeg_arrival_rooms_c, layout_basic, serial_rivers,
          chequers_serial_rivers_small_a, chequers_serial_rivers_micro_b,
          chequers_serial_rivers_room_b, chequers_serial_rivers_large_a,
          chequers_serial_rivers_micro_d
D:2:      minmay_razor_zed, layout_rooms, ebering_ecumenical_altar_abandoned
D:3:      layout_loops_ring, okawaru_altar_gauntlet_db, uniq_natasha
D:4:      layout_loops_ring, nicolae_shop_sticking_my_neck_out, uniq_robin
D:5:      layout_layer_cave, mainiacjoe_overflow_tiny_flanked,
          minmay_temple_entry_large_hall, kennysheep_generic_room_6
D:6:      layout_cave_pools, kennysheep_little_box
D:7:      layout_basic, grunt_potential, uniq_menkaure, uniq_joseph
Temple:   regret_index_temple_waves

Skill      XL: |  1  2  3  4  5  6  7  8  9 |
---------------+----------------------------+-----
Ice Magic      | 4 5 6 7 |  7.4
Spellcasting   | 3 5 |  5.0
Fighting       | 1 2 3 4 |  4.0
Dodging        | 3 4 |  4.0
Stealth        | 3 4 6 |  6.0
Unarmed Combat | 1 2 3 4 |  4.0
Evocations     | 1 2 4 |  4.0
Conjurations   | 6 4 |  6.1

Action                   |  1- 3 |  4- 6 |  7- 9 || total
-------------------------+-------+-------+-------++-------
Melee: Unarmed           |    20 |    23 |    31 ||    74
       Bite              |     2 |     3 |     6 ||    11
       Punch             |       |       |     1 ||     1
 Cast: Freeze            |    44 |    39 |    71 ||   154
       Frozen Ramparts   |     3 |    18 |    19 ||    40
       Ozocubu's Armour  |     1 |    10 |    17 ||    28
       Stone Arrow       |       |       |    15 ||    15
       Hailstorm         |       |       |     3 ||     3
Evoke: Wand              |       |       |     1 ||     1
  Use: Scroll            |     2 |     8 |     6 ||    16
       Potion            |       |       |     3 ||     3
 Stab: Sleeping          |    12 |     3 |     4 ||    19
Armor: Skin              |     3 |     5 |    22 ||    30
Dodge: Dodged            |    33 |    36 |   120 ||   189

Table legend: (Time is in decaauts)
 A = Elapsed time spent in this place.
 B = Non-inter-level travel time spent in this place.
 C = Inter-level travel time spent in this place.
 D = Time resting spent in this place.
 E = Time spent auto-exploring this place.
 F = Levels seen in this place.
 G = Mean time per level.
                   A        B        C        D        E       F      G
               +--------+--------+--------+--------+--------+-----+--------+
         Total |   9184 |   8848 |    336 |   2087 |   5585 |   8 | 1148.0 |
       Dungeon |   9079 |   8756 |    323 |   2087 |   5505 |   7 | 1297.0 |
        Temple |    105 |     92 |     13 |      0 |     79 |   1 |  105.0 |
               +--------+--------+--------+--------+--------+-----+--------+

Top non-repeatable levels by time:
     D:7: 1854 daAuts
     D:5: 1562 daAuts
     D:3: 1296 daAuts
     D:1: 1293 daAuts
     D:6: 1264 daAuts
     D:2: 1097 daAuts
     D:4: 710 daAuts
  Temple: 105 daAuts
